 Dungeon Crawl Stone Soup version 0.21-a0-358-g8928369 (webtiles) character file.

2520 Dfrag the Conjurer (level 9, -4/57 HPs)
             Began as a Demonspawn Fire Elementalist on Oct 13, 2017.
             Was a Follower of Vehumet.
             Slain by a killer bee (6 damage)
             ... on level 7 of the Dungeon.
             The game lasted 00:10:55 (6750 turns).

Dfrag the Conjurer (Demonspawn Fire Elementalist)   Turns: 6750, Time: 00:10:55

Health: -4/57      AC:  2    Str:  8    XL:     9   Next: 29%
Magic:  5/19       EV: 12    Int: 20    God:    Vehumet [*.....]
Gold:   439        SH:  4    Dex: 16    Spells: 13/21 levels left

rFire    + . .     SeeInvis +   h - +1 short sword (drain)
rCold    . . .     Gourm    .   (no shield)
rNeg     . . .     Faith    .   v - +0 robe {MR+}
rPois    .         Spirit   .   (helmet unavailable)
rElec    .         Reflect  .   (no cloak)
rCorr    .         Harm     .   (no gloves)
MR       +....                  (no boots)
Stlth    +++.......             (no amulet)
HPRegen  0.19/turn              l - ring of protection from fire
MPRegen  0.16/turn              (no ring)

@: lethally poisoned (-4 -> -18)
A: antennae 3, large bone plates 1, agile 1, nightstalker 1
a: Renounce Religion


You were on level 7 of the Dungeon.
You worshipped Vehumet.
Vehumet was aware of your devotion.
You were not hungry.

You visited 2 branches of the dungeon, and saw 8 of its levels.

You collected 439 gold pieces.

Inventory:

Hand Weapons
 h - a +1 short sword of draining (weapon)
Armour
 a - a +0 robe
 v - a +0 robe of magic resistance (worn)
Jewellery
 l - a ring of protection from fire (left hand)
 D - an uncursed ring of stealth {unknown}
Wands
 y - a wand of lightning (0/15)
 F - a wand of confusion (21/48)
 G - a wand of random effects (23/48)
Scrolls
 e - 2 scrolls of enchant weapon {unknown}
 g - 7 scrolls of identify {unknown}
 i - a scroll of amnesia {unknown}
 m - 3 scrolls of teleportation
 n - a scroll of immolation {unknown}
 q - 2 scrolls of fog {unknown}
 r - 5 scrolls of remove curse
 s - a scroll of recharging {unknown}
 z - a scroll of blinking {unknown}
 B - a scroll of magic mapping {unknown}
Potions
 d - a potion of haste
 k - 2 potions of cancellation {unknown}
 o - a potion of curing
 p - 2 potions of agility {unknown}
 t - 2 potions of berserk rage
 w - a potion of brilliance {unknown}
 x - 2 potions of magic {unknown}
 A - 2 potions of heal wounds {unknown}
 C - a potion of mutation {unknown}
Books
 b - a book of Flames

   Spells                             Type                      Level
   a - Flame Tongue                   Conjuration/Fire             1
   b - Throw Flame                    Conjuration/Fire             2
   c - Conjure Flame                  Conjuration/Fire             3
   d - Inner Flame                    Hexes/Fire                   3
   e - Sticky Flame                   Conjuration/Fire             4
   f - Fireball                       Conjuration/Fire             5
 u - a book of Cantrips

   Spells                             Type                      Level
   a - Confusing Touch                Hexes                        1
   b - Animate Skeleton               Necromancy                   1
   c - Summon Small Mammal            Summoning                    1
   d - Apportation                    Translocation                1
Comestibles
 c - 6 bread rations
 f - 8 fruits
 j - 7 royal jellies
 E - a meat ration


   Skills:
 - Level 1.7 Dodging
 - Level 1.7 Stealth
 + Level 6.9 Spellcasting
 + Level 7.3 Conjurations
 + Level 7.2 Fire Magic


You had 13 spell levels left.
You knew the following spells:

 Your Spells              Type           Power        Failure   Level  Hunger
a - Flame Tongue          Conj/Fire      #####        1%          1    None
b - Conjure Flame         Conj/Fire      #####...     1%          3    #......
c - Sticky Flame          Conj/Fire      #####...     4%          4    ###....


Dungeon Overview and Level Annotations

Branches:
Dungeon (7/15)             Temple (1/1) D:4

Altars:
Ashenzari
Cheibriados
Dithmenos
Elyvilon
Fedhas
Gozag
Hepliaklqana
Makhleb
Nemelex Xobeh
Okawaru
Qazlal
Ru
Sif Muna
Trog
Uskayaw
Vehumet
Wu Jian
Xom
Yredelemnul
Zin
The Shining One


Innate Abilities, Weirdness & Mutations

You have a pair of large antennae on your head. (SInv)
You are partially covered in large bone plates. (SH +4)
You are slightly more attuned to the shadows.
You are agile. (Dex +2)


Message History

The killer bee poisons you! The killer bee closely misses you.
The killer bee completely misses you. You block the killer bee's attack.
The killer bee stings you.
* * * LOW HITPOINT WARNING * * *
You are more poisoned.
The killer bee poisons you! The killer bee stings you.
* * * LOW HITPOINT WARNING * * *
Unknown command.
You feel better.
The killer bee burns! x2; The killer bee stops burning.
The killer bee stings you!
* * * LOW HITPOINT WARNING * * *
You are poisoned.
The killer bee poisons you! The killer bee stings you.
* * * LOW HITPOINT WARNING * * *
You are more poisoned.
The killer bee poisons you! The killer bee stings you.
* * * LOW HITPOINT WARNING * * *
The killer bee misses you. The killer bee closely misses you.
The killer bee stings you.
You die...

##.......#....##.......
.........#....##......
.).......#.....#....#
.........#.....#....#####
.).......#....##....'...#
.........###'###....#
.........#..........#
#+##.....#.....y....## #
+.....'.....y@....# #
#.....#....##.y...# #
#.....#....##.....# #
#.....+.{..'......#
#...y#......# ...
#.....## .. #.....# .
##..... #.....#


You could see 3 killer bees.

Vanquished Creatures
  Sigmund (D:4)
  Eustachio (D:6)
  3 phantoms
  A sky beast (D:5)
  4 ogres
  4 centaurs
  3 bullfrogs
  2 scorpions
  2 killer bees (D:7)
  A howler monkey (D:4)
  A crimson imp (D:5)
  A centaur zombie (D:7)
  A gnoll shaman (D:6)
  3 jellies
  A bullfrog skeleton (D:3)
  A centaur skeleton (D:7)
  6 worker ants
  4 orc wizards
  A hound zombie (D:6)
  8 gnolls
  A howler monkey skeleton (D:5)
  9 adders
  5 oozes
  An adder skeleton (D:5)
  2 worms
  A dart slug (D:2)
  6 leopard geckos
  8 orcs
  6 bats
  9 giant cockroaches
  8 goblins
  6 hobgoblins
  6 jackals
  13 kobolds
  5 quokkas
  3 ball pythons
  7 frilled lizards
  A jackal zombie (D:5)
  A leopard gecko skeleton (D:5)
  A leopard gecko zombie (D:6)
  2 quokka skeletons (D:4)
  11 rats
161 creatures vanquished.

Notes
Turn   | Place    | Note
-------+----------+-------------------------------------------
     0 | D:1      | Dfrag the Demonspawn Fire Elementalist began the quest for the Orb.
     0 | D:1      | Reached XP level 1. HP: 13/13 MP: 3/3
   141 | D:1      | Gained mutation: You are partially covered in large bone plates. (SH +4) [demonic ancestry]
   141 | D:1      | Reached XP level 2. HP: 9/19 MP: 3/5
   667 | D:1      | Reached XP level 3. HP: 21/24 MP: 2/6
  1337 | D:2      | Found a sparkling altar of Nemelex Xobeh.
  1386 | D:2      | Found an opulent altar of Gozag.
  1533 | D:2      | Reached XP level 4. HP: 30/30 MP: 5/8
  2054 | D:3      | Found a blossoming altar of Fedhas.
  2155 | D:3      | Gained mutation: You have a pair of small antennae on your head. [demonic ancestry]
  2155 | D:3      | Reached XP level 5. HP: 29/35 MP: 0/9
  2519 | D:3      | Noticed an ogre
  2525 | D:3      | Learned a level 3 spell: Conjure Flame
  2530 | D:3      | Learned a level 4 spell: Sticky Flame
  2542 | D:3      | Killed an ogre
  2542 | D:3      | Reached XP level 6. HP: 33/41 MP: 2/11
  2885 | D:3      | Found a hide-covered altar of Uskayaw.
  2888 | D:3      | Found an iron altar of Okawaru.
  2981 | D:4      | Noticed Sigmund
  2994 | D:4      | Killed Sigmund
  3110 | D:4      | Gained mutation: You have a pair of antennae on your head. [demonic ancestry]
  3110 | D:4      | Reached XP level 7. HP: 12/46 MP: 0/13
  3230 | D:4      | Reached skill level 5 in Fire Magic
  3880 | D:4      | Reached skill level 5 in Spellcasting
  3880 | D:4      | Reached skill level 5 in Conjurations
  3964 | D:4      | Found a deep blue altar of Sif Muna.
  4086 | D:4      | Found a staircase to the Ecumenical Temple.
  4091 | Temple   | Entered the Ecumenical Temple
  4189 | Temple   | Became a worshipper of Vehumet
  4357 | D:5      | Entered Level 5 of the Dungeon
  4390 | D:5      | Gained mutation: You are slightly more attuned to the shadows. [demonic ancestry]
  4390 | D:5      | Reached XP level 8. HP: 38/52 MP: 5/15
  4658 | D:5      | Found a sacrificial altar of Ru.
  4821 | D:5      | Gained mutation: You are agile. (Dex +2) [mutagenic meat]
  5333 | D:6      | Reached * piety under Vehumet
  5333 | D:6      | Offered knowledge of Shock by Vehumet.
  6041 | D:6      | Noticed Eustachio
  6048 | D:6      | Killed Eustachio
  6048 | D:6      | Gained mutation: You have a pair of large antennae on your head. (SInv) [demonic ancestry]
  6048 | D:6      | Reached XP level 9. HP: 46/57 MP: 10/18
  6173 | D:6      | Found an ornate altar of the Wu Jian Council.
  6750 | D:7      | HP: 2/57 [killer bee (2)]
  6750 | D:7      | Slain by a killer bee

Vault maps used:
D:1:      elethiomel_arrival_diamonds
D:2:      nemelex_xobeh_ov_fountains_minmay, grunt_gozag_breadcrumbs
D:3:      fedhas_altar_2, gammafunk_temple_overflow_pools, st_stairs_12
D:4:      lemuel_coloured_pillars_altar, minmay_temple_entry_nine_rooms,
          first_bread, uniq_sigmund
D:5:      nicolae_ru_great_annihilating_truth
D:6:      marbit_many_paths, uniq_eustachio
D:7:      serial_shops, shop_statue
Temple:   eino_temple_scatter_basement

Skill      XL: |  1  2  3  4  5  6  7  8  9 |
---------------+----------------------------+-----
Fire Magic     | 3 4 5 6 7 |  7.2
Conjurations   | 2 3 4 5 6 7 |  7.3
Spellcasting   | 3 4 5 6 |  6.9
Dodging        | |  1.7
Stealth        | |  1.7

Action                   |  1- 3 |  4- 6 |  7- 9 || total
-------------------------+-------+-------+-------++-------
Melee: Unarmed           |    81 |       |       ||    81
       Short sword       |    16 |    56 |   153 ||   225
 Cast: Flame Tongue      |    60 |    58 |    70 ||   188
       Sticky Flame      |       |     4 |    40 ||    44
Evoke: Wand              |       |       |     1 ||     1
  Use: Scroll            |       |     2 |       ||     2
       Potion            |       |     1 |     2 ||     3
 Stab: Sleeping          |     1 |     2 |     7 ||    10
       Paralysed         |       |       |     1 ||     1
  Eat: Chunk             |     3 |     5 |    19 ||    27
Armor: Robe              |    16 |    13 |    18 ||    47
Dodge: Dodged            |    77 |    34 |   120 ||   231
Block: Other             |    24 |    13 |    44 ||    81

Table legend:
 A = Spawn XP
 B = Non-spawn XP
 C = Spawn XP percentage of total XP
 D = Spawn monster count
 E = Non-spawn monster count
 F = Spawn count percentage of total count
 G = Total turns spent on level
                    A         B        C        D         E        F      G
               +---------+---------+-------+---------+---------+-------+---------
         Total |       0 |    3601 |   0.0 |       0 |     161 |   0.0 |  6750
               +---------+---------+-------+---------+---------+-------+---------
           D:1 |       0 |      68 |   0.0 |       0 |      37 |   0.0 |  1330
           D:2 |       0 |      71 |   0.0 |       0 |      18 |   0.0 |   691
           D:3 |       0 |     338 |   0.0 |       0 |      27 |   0.0 |  1176
           D:4 |       0 |     769 |   0.0 |       0 |      15 |   0.0 |  1048
           D:5 |       0 |     895 |   0.0 |       0 |      24 |   0.0 |   949
           D:6 |       0 |     818 |   0.0 |       0 |      23 |   0.0 |  1018
           D:7 |       0 |     642 |   0.0 |       0 |      17 |   0.0 |   426
               +---------+---------+-------+---------+---------+-------+---------
